 Dungeon Crawl Stone Soup version 0.30-a0-718-geaa24f58ff (webtiles) character file.

Game seed: 2160927382090598863

30305 Leeroy the Fencer (level 13, 0/73 HPs)
             Began as a Tengu Warper on Jan 25, 2023.
             Was a Follower of Uskayaw.
             Slain by a sixfirhy (12 damage)
             ... summoned by an orc high priest
             ... on level 2 of the Orcish Mines.
             The game lasted 00:37:33 (15581 turns).

Leeroy the Fencer (Tengu Warper)                   Turns: 15581, Time: 00:37:33

Health: 0/73       AC: 21    Str: 11    XL:     13   Next: 50%
Magic:  20/20      EV: 20    Int: 15    God:    Uskayaw [*.....]
Gold:   1022       SH:  0    Dex: 18    Spells: 8/20 levels left

rFire   . . .      SeeInvis .    B - +3 great sword (elec)
rCold   . . .      Faith    .    (shield currently unavailable)
rNeg    . . .      Spirit   .    Z - +0 acid dragon scales
rPois   .          Reflect  .    (helmet restricted)
rElec   .          Harm     .    G - +1 cloak {Stlth+}
rCorr   +          Rampage  .    h - +2 pair of gloves
Will    .....                    (boots unavailable)
Stlth   ++                       w - amulet of regeneration
HPRegen 1.12/turn                f - +4 ring of protection
MPRegen 0.17/turn                C - +4 ring of protection

@: flying quickly and evasively, quick
A: beak, talons 3, nimble flight
a: Renounce Religion, Stomp


You were on level 2 of the Orcish Mines.
You worshipped Uskayaw.
Uskayaw was noncommittal.
You visited 4 branches of the dungeon, and saw 16 of its levels.
You also visited: Gauntlet.

You collected 1659 gold pieces.
You spent 637 gold pieces at shops.

Inventory:

Hand Weapons
 l - a +2 falchion of protection
 q - a +0 long sword of holy wrath
 v - a +0 dagger of electrocution
 y - the +8 sling of Wrongful Imprisonment {freeze, Will- Int+7}
   (You found it in a Gauntlet)

   Int:       It affects your intelligence (+7).
   Will:      It decreases your willpower.
 B - a +3 great sword of electrocution (weapon)
 F - a +0 dagger of speed
 J - a +1 scimitar
 M - a +2 dagger of freezing
 Q - a +3 short sword
Missiles
 a - 2 silver boomerangs
 d - 6 boomerangs of dispersal
 r - 8 javelins
 t - 13 boomerangs
 u - 35 poisoned darts
 x - 5 throwing nets
 H - 2 curare-tipped darts
Armour
 h - a +2 pair of gloves (worn)
 k - +0 steam dragon scales
 G - a +1 cloak of stealth (worn)
 I - a +4 chain mail
 Z - +0 acid dragon scales (worn)
Jewellery
 f - a +4 ring of protection (left hand)
 m - a ring of wizardry
 w - an amulet of regeneration (around neck)
 C - a +4 ring of protection (right hand)
 D - an amulet of the acrobat
Wands
 A - a wand of polymorph (10)
 O - a wand of mindburst (2) (quivered)
 T - a wand of paralysis (6)
 V - a wand of digging (5)
 Y - a wand of roots (4)
Scrolls
 i - 5 scrolls of teleportation
 s - a scroll of magic mapping
 z - 2 scrolls of vulnerability
 P - 2 scrolls of amnesia
Potions
 g - 3 potions of haste
 j - 9 potions of curing
 n - 2 potions of brilliance
 o - 3 potions of might
 p - 3 potions of magic {unknown}
 E - 5 potions of attraction {unknown}
 K - 2 potions of ambrosia {unknown}
 L - 5 potions of degeneration {unknown}
 N - 2 potions of flight {unknown}
 R - a potion of berserk rage {unknown}
 S - 2 potions of resistance
 U - a potion of cancellation {unknown}
 W - a potion of invisibility {unknown}
 X - 2 potions of mutation {unknown}


   Skills:
 + Level 5.6 Fighting
 - Level 16.1 Long Blades
 - Level 0.1 Axes
 - Level 0.1 Staves
 - Level 0.1 Ranged Weapons
 - Level 1.0 Throwing
 - Level 7.2 Armour
 - Level 10.4 Dodging
 - Level 0.1 Shields
 - Level 4.3 Spellcasting
 - Level 0.5 Conjurations
 - Level 0.1 Summonings
 - Level 4.9 Translocations
 - Level 0.5 Ice Magic
 - Level 8.2 Air Magic
 - Level 0.2 Poison Magic
 - Level 6.2 Invocations
 - Level 2.5 Evocations


You had 8 spell levels left.
You knew the following spells:

 Your Spells              Type           Power      Damage    Failure   Level
a - Blink                 Tloc           36%        N/A       4%          2
b - Vhi's Electric Charg  Tloc/Air       46%        N/A       4%          3
c - Swiftness             Air            28%        N/A       2%          3
d - Manifold Assault      Tloc           18%        N/A       32%         4

Your spell library contained the following spells:

 Spells                   Type           Power      Damage    Failure   Level
 Lesser Beckoning         Tloc           36%        N/A       4%          2
 Teleport Other           Tloc           18%        N/A       10%         3
 Kiss of Death            Conj/Necr      16%        2d6       22%         1
 Ensorcelled Hibernation  Hex/Ice        8%         N/A       34%         2
 Passwall                 Tmut/Erth      2%         N/A       36%         2
 Dazzling Flash           Conj/Hex       8%         N/A       56%         3
 Confusing Touch          Hex            3%         N/A       58%         3
 Summon Guardian Golem    Hex/Summ       3%         N/A       58%         3
 Iskenderun's Mystic Bla  Conj/Tloc      11%        2d4       63%         4
 Dispel Undead            Necr           3%         3d7       94%         4
 Starburst                Conj/Fire      2%         6d3       100%        6
 Orb of Destruction       Conj           2%         9d5       100%        7
 Spellforged Servitor     Conj/Summ      2%         N/A       100%        7


Dungeon Overview and Level Annotations

Branches:
Dungeon (11/15)            Temple (1/1) D:6            Lair (2/5) D:11
  Snake (0/4) Lair:2          Orc (2/2) D:9             Elf (0/3) Orc:2
Gauntlet (visited)
  Swamp: Lair:2-3    Shoals: Lair:2-3

Altars:
Ashenzari
Cheibriados
Dithmenos
Elyvilon
Fedhas
Gozag
Hepliaklqana
Kikubaaqudgha
Makhleb
Nemelex Xobeh
Okawaru
Qazlal
Ru
Sif Muna
Trog
Uskayaw
Vehumet
Xom
Yredelemnul
Zin
The Shining One

Shops:
D:2 ?   D:8 !   D:10 *   D:11 *   Orc:2 (

Annotations:
D:5 2 transporters, 1 runed translucent door, Crownlay's ghost, amateur DsNe
D:9 exclusion: ice statue, Harold
Lair:2 3 runed translucent doors, kae's ghost, journeyman DsTm


Innate Abilities, Weirdness & Mutations

You have a beak for a mouth.
You have claws for feet.
Your magical nature lets you fly swiftly and evasively.


Message History

The orc priest invokes the aid of Beogh against you.
Beogh smites you!
You can no longer pass through a line of other dancers.
You feel sick.
The orc priest calls down the wrath of Beogh upon you.
Pain shoots through your body!
* * * LOW HITPOINT WARNING * * *
The orc knight roars a battlecry!
The orc priest invokes the aid of Beogh against you.
Beogh smites you!
* * * LOW HITPOINT WARNING * * *
You feel sick.
You are no longer poisoned.
As you read the scroll of fear, it crumbles to dust.
You assume a fearsome visage.
The orc knight looks frightened!
You feel much better.
The orc high priest prays to Beogh.
You slash the orc priest!
You kill the orc priest!
The sixfirhy hits you. The sixfirhy shocks you!
* * * LOW HITPOINT WARNING * * *
The sixfirhy barely misses you.
The sixfirhy hits you but does no damage.
The orc high priest prays to Beogh.
The sixfirhy hits you.
* * * LOW HITPOINT WARNING * * *
The sixfirhy shocks you!
* * * LOW HITPOINT WARNING * * *
Things that are here:
a +0 scale mail; a +0 short sword Blink to where?
Press: ? - help, Dir - move target, p - orc knight
As you read the scroll of blinking, it crumbles to dust.
Things that are here:
a +0 robe; a +0 dagger The sixfirhy misses you.
The sixfirhy hits you.
* * * LOW HITPOINT WARNING * * *
The sixfirhy shocks you!
You die...

#...............#.## ###
##.....##........### ##.###
#.......##.........###...##
#....^...#...........#..##.
##......#...............###
#.................#....###[
#.......#........#.#...##..
##...[..#.......#...#.###..
#.....<.[<@3...#..∩..#.....
##......[[......#...#.....#
#.......[#.#....#.#....###
##.........[).....#......##
#...#......[...[.........#.
#.............[............
##.#.........).............
##.##......................
#...#...................#.#


You could see a sixfirhy (summoned).

Vanquished Creatures
  An ogre mage (Orc:1)
  4 two-headed ogres
  2 orc high priests (Orc:2)
  Nergalle (Lair:2)
  4 orc knights
  3 orc sorcerers (Orc:2)
  3 black mambas (Lair:2)
  An apocalypse crab (Gauntlet)
  2 rime drakes
  5 cane toads
  A kobold demonologist (D:7)
  An unseen horror (D:11)
  3 komodo dragons
  2 polar bears (D:11)
  4 trolls
  5 blink frogs (Lair:2)
  A dream sheep (Lair:2)
  A slime creature (D:7)
  2 wraiths (D:11)
  2 wyverns
  4 basilisks
  39 yaks
  Grum (D:10)
  A steam dragon (D:5)
  3 vampire mosquitoes (D:11)
  A naga (Lair:2)
  2 wargs (Orc:1)
  3 large abominations (Gauntlet)
  2 acid dragons
  3 water moccasins
  5 small abominations (Gauntlet)
  3 black bears
  2 sky beasts
  2 ice beasts (D:11)
  18 orc warriors
  5 ogres
  A wolf (D:10)
  6 centaurs
  3 kobold brigands
  3 gnoll sergeants (D:10)
  A necrophage (D:3)
  9 bullfrogs
  3 scorpions
  6 killer bees (D:11)
  5 howler monkeys
  2 electric eels (D:8)
  3 jellies
  13 orc priests
  2 gnoll boudas
  5 hounds
  Ijyb (D:3)
  21 orc wizards
  3 iguanas
  A hell rat (Lair:2)
  Robin (D:3)
  23 gnolls
  3 adders
  A shadow imp (D:6)
  An ufetubus (D:6)
  A worm (D:3)
  3 dart slugs
  50 orcs
  7 ball pythons
  4 bats
  6 endoplasms
  5 giant cockroaches
  16 goblins
  10 hobgoblins
  5 jackals
  21 kobolds
  3 quokkas
  6 frilled lizards
  4 rats
400 creatures vanquished.

Vanquished Creatures (others)
  3 fungi
  5 plants (Lair:2)
  22 withered plants
30 creatures vanquished.

Grand Total: 430 creatures vanquished

Notes
Turn   | Place    | Note
-------+----------+-------------------------------------------
     0 | D:1      | Leeroy the Tengu Warper began the quest for the Orb.
     0 | D:1      | Reached XP level 1. HP: 12/12 MP: 4/4
   184 | D:1      | Reached skill level 3 in Long Blades
   184 | D:1      | Reached XP level 2. HP: 12/17 MP: 6/6
   981 | D:2      | Reached XP level 3. HP: 21/21 MP: 7/7
  1130 | D:2      | Found Uxunul's Magic Scroll Emporium.
  1135 | D:2      | Bought a scroll of identify for 22 gold pieces
  1136 | D:2      | Bought a scroll of identify for 22 gold pieces
  1197 | D:2      | Reached skill level 4 in Long Blades
  1417 | D:2      | Learned a level 2 spell: Blink
  1421 | D:2      | Learned a level 3 spell: Vhi's Electric Charge
  1576 | D:2      | Found a shimmering blue altar of Sif Muna.
  1656 | D:3      | Noticed a scorpion
  1926 | D:3      | Noticed a necrophage
  1960 | D:4      | Noticed a black bear
  1972 | D:4      | Killed a black bear
  1973 | D:4      | Reached skill level 5 in Long Blades
  1973 | D:4      | Reached XP level 4. HP: 10/26 MP: 8/8
  1973 | D:4      | Gained mutation: Your magical nature lets you fly swiftly
                  | and evasively. [Tengu growth]
  1973 | D:4      | Reached XP level 5. HP: 11/30 MP: 9/9
  2236 | D:4      | Noticed a black bear
  2243 | D:4      | Learned a level 3 spell: Swiftness
  2256 | D:4      | Killed a black bear
  2257 | D:4      | Reached skill level 6 in Long Blades
  2257 | D:4      | Reached XP level 6. HP: 19/35 MP: 10/10
  2522 | D:4      | Reached skill level 7 in Long Blades
  2876 | D:4      | Found a hide-covered altar of Uskayaw.
  2884 | D:4      | Became a worshipper of Uskayaw the Reveller
  2972 | D:5      | Entered Level 5 of the Dungeon
  2972 | D:5      | Found a transporter.
  3001 | D:5      | Reached * piety under Uskayaw
  3128 | D:5      | Reached ** piety under Uskayaw
  3221 | D:5      | Reached skill level 8 in Long Blades
  3228 | D:5      | Reached XP level 7. HP: 36/40 MP: 11/11
  3436 | D:3      | Found a large runed translucent door.
  3437 | D:3      | Found a large runed translucent door.
  3446 | D:3      | Noticed Ijyb
  3455 | D:3      | Killed Ijyb
  3535 | D:3      | Found a faded altar of an unknown god.
  3628 | D:3      | Reached skill level 9 in Long Blades
  3632 | D:3      | Reached *** piety under Uskayaw
  3924 | D:3      | Noticed Robin
  3960 | D:3      | Killed Robin
  4574 | D:5      | Found a transporter.
  4667 | D:5      | Found a sparkling altar of Nemelex Xobeh.
  4694 | D:5      | Found a runed translucent door.
  4694 | D:5      | Noticed Crownlay's ghost (amateur DsNe)
  5013 | D:6      | Reached XP level 8. HP: 44/44 MP: 12/12
  5142 | D:5      | Reached skill level 10 in Long Blades
  5237 | D:6      | Noticed a yak
  5237 | D:6      | Noticed a yak
  5237 | D:6      | Noticed a yak
  5237 | D:6      | Noticed a yak
  5238 | D:6      | Noticed a yak
  5242 | D:6      | Noticed a yak
  5262 | D:5      | Killed a yak
  5298 | D:6      | Found a blossoming altar of Fedhas.
  5306 | D:5      | Reached skill level 11 in Long Blades
  5407 | D:6      | Found a staircase to the Ecumenical Temple.
  5524 | D:6      | HP: 2/44 [poisoned by a water moccasin]
  5530 | D:6      | Reached skill level 12 in Long Blades
  5563 | D:5      | Killed a yak
  5563 | D:5      | Reached **** piety under Uskayaw
  5564 | D:5      | Reached XP level 9. HP: 37/48 MP: 13/13
  6211 | D:6      | Reached skill level 13 in Long Blades
  6215 | D:6      | Reached ***** piety under Uskayaw
  6399 | D:2      | Bought a scroll of enchant armour for 82 gold pieces
  6501 | D:3      | Found a bloodstained altar of Trog.
  6504 | D:3      | Found a shadowy altar of Dithmenos.
  6578 | D:7      | Reached skill level 14 in Long Blades
  6693 | D:7      | Noticed a troll
  6779 | Temple   | Entered the Ecumenical Temple
  6779 | Temple   | Found a transporter.
  6779 | Temple   | Found a transporter.
  6781 | Temple   | Found a transporter.
  6781 | Temple   | Found a transporter.
  6882 | D:7      | Found an opulent altar of Gozag.
  6947 | D:7      | Killed a troll
  6948 | D:7      | Reached skill level 5 in Dodging
  6948 | D:7      | Reached XP level 10. HP: 39/53 MP: 14/14
  7043 | D:7      | Noticed a kobold demonologist
  7278 | D:7      | Noticed an orange demon
  7286 | D:7      | Killed a kobold demonologist
  7573 | D:7      | Learned a level 4 spell: Manifold Assault
  7574 | D:8      | Found Tustero's Distillery.
  7586 | D:8      | Bought a potion of curing for 36 gold pieces
  7586 | D:8      | Bought a potion of haste for 120 gold pieces
  8367 | D:9      | Noticed Harold
  8372 | D:9      | Found a staircase to the Orcish Mines.
  8452 | D:9      | Noticed an ice statue
  8616 | D:10     | Entered Level 10 of the Dungeon
  8714 | D:10     | Reached ****** piety under Uskayaw
  8747 | D:10     | Found Kophusim's General Store.
  8761 | D:10     | Bought a potion of might for 64 gold pieces
  8761 | D:10     | Bought a potion of might for 64 gold pieces
  8834 | D:10     | Reached skill level 10 in Dodging
  8895 | D:10     | Noticed a cyan ugly thing
  8982 | D:10     | Noticed Grum
  8993 | D:10     | Killed Grum
  8994 | D:10     | Reached skill level 1 in Air Magic
  9164 | D:10     | Noticed a fire crab
  9174 | D:10     | a fire crab changed into a raiju
  9202 | D:11     | Reached XP level 11. HP: 35/59 MP: 15/15
  9206 | D:11     | Found Nogoc's Demolitions Depot.
  9333 | D:11     | Reached skill level 5 in Air Magic
  9367 | D:11     | Noticed a two-headed ogre
  9415 | D:11     | Killed a two-headed ogre
  9457 | D:11     | Found a gate leading to a gauntlet.
  9471 | Gauntlet | Entered a Gauntlet
  9471 | Gauntlet | Found a transporter.
  9478 | Gauntlet | Noticed a ghost crab
  9499 | Gauntlet | Found a transporter.
  9501 | Gauntlet | Found a runed translucent door.
  9516 | Gauntlet | Found a transporter.
  9520 | Gauntlet | Found a transporter.
  9541 | Gauntlet | Found a transporter.
  9554 | Gauntlet | Found a transporter.
  9555 | Gauntlet | Noticed a wizard
  9567 | Gauntlet | Found a transporter.
  9570 | Gauntlet | Noticed a wizard
  9596 | Gauntlet | Found a transporter.
  9596 | Gauntlet | Found a transporter.
  9601 | Gauntlet | Found a transporter.
  9629 | Gauntlet | Noticed a death drake
  9634 | Gauntlet | Found a transporter.
  9634 | Gauntlet | Found a transporter.
  9663 | Gauntlet | Found a runed translucent door.
  9836 | Gauntlet | Identified the +1 helmet "Buvousom" {rCorr}
  9894 | Gauntlet | Reached skill level 1 in Evocations
  9913 | Gauntlet | Reached skill level 1 in Invocations
  9915 | Gauntlet | Identified the +8 sling of Wrongful Imprisonment {freeze,
                  | Will- Int+7}
 10090 | Gauntlet | Noticed a minotaur
 10338 | D:11     | Found a staircase to the Lair.
 10497 | D:11     | Reached skill level 5 in Invocations
 10935 | D:11     | Reached XP level 12. HP: 61/64 MP: 17/17
 11145 | Lair:1   | Entered Level 1 of the Lair of Beasts
 11266 | Lair:1   | Reached skill level 5 in Armour
 12083 | Lair:2   | Found a runed translucent gate.
 12083 | Lair:2   | Found a runed translucent gate.
 12083 | Lair:2   | Found a runed translucent gate.
 12084 | Lair:2   | Noticed kae's ghost (journeyman DsTm)
 12341 | Lair:2   | Noticed Nergalle
 12361 | Lair:2   | Killed Nergalle
 12498 | Lair:2   | Found a staircase to the Snake Pit.
 12504 | Lair:2   | Noticed a seven-headed hydra
 12617 | Lair:2   | Identified a scroll of acquirement
 12618 | Lair:2   | Acquired a +2 great sword of electrocution
 13388 | Orc:1    | Entered Level 1 of the Orcish Mines
 13610 | Orc:1    | Reached skill level 15 in Long Blades
 13610 | Orc:1    | Reached XP level 13. HP: 57/68 MP: 13/20
 14013 | Orc:2    | Entered Level 2 of the Orcish Mines
 14041 | Orc:2    | Reached skill level 16 in Long Blades
 14042 | Orc:2    | Found Gati's Antique Weapon Emporium.
 14048 | Orc:2    | Found a staircase to the Elven Halls.
 14055 | Orc:2    | Bought a glowing long sword for 227 gold pieces
 15376 | Orc:2    | Reached skill level 5 in Fighting
 15581 | Orc:2    | Slain by a sixfirhy

Illustrated notes

Levels and vault maps discovered:
D:1:      ncdulo_halloftheorcs, layout_loops_ring
D:2:      layout_basic, basic_altar, serial_shops, shop
D:3:      kennysheep_goblin_castle, layout_loops_ring, jmf_multi_god_temple2,
          shapermc_ecumenical_altar_ellora, kennysheep_doodads, uniq_ijyb
D:4:      layout_loops_ring, nicolae_uskayaw_suspiria, kennysheep_windowed_goal,
          uniq_robin
D:5:      gammafunk_cloud_chamber, layout_basic, kennysheep_mini,
          gammafunk_ghost_grave
D:6:      layout_cave_pods, mainiacjoe_overflow_small_starburst,
          minmay_temple_entry_ruins
D:7:      cheibrodos_iron_armory, layout_rooms, lemuel_round_altar,
          hangedman_decor_points, kb_rosetta, uniq_prince_ribbit1
D:8:      layout_cave_pools, serial_shops, nicolae_shop_stone,
          amethyst_killhole, minmay_misc_feat_pillars, kennysheep_potato
D:9:      nicolae_whirlpool, layout_basic, orc_0_dummy, minmay_statue_bubble,
          uniq_harold
D:10:     layout_big_octagon, mainiacjoe_overflow_alcove_1, serial_shops,
          nicolae_shop_waterfront, serial_gnoll_camp, gnoll_camp_mini_loothouse,
          gnoll_camp_mini_hut, gnoll_camp_medium_02, grums_kennel,
          gnoll_camp_mini_hut, gnoll_camp_mini_sergeant,
          lightli_fourway_metalbox
D:11:     layout_basic, hellmonk_lair_entry_icy, gauntlet_entry_generic,
          nicolae_blasting_shop, kennysheep_cross_bottleneck,
          kennysheep_generic_room_2
Temple:   hellmonk_temple_divided_pantheon
Lair:1:   layout_roguey
Lair:2:   layout_layer_cave, swamp_mist, guppyfry_snake_entry_island,
          gammafunk_ghost_ooze, minmay_stone_trees_medium,
          minmay_shattered_shrine, infiniplex_staircase_pool_2, uniq_nergalle
Orc:1:    layout_caves
Orc:2:    grunt_orc_tribal_feast, layout_caves, serial_shops,
          nicolae_diamond_shop

Skill      XL: |  1  2  3  4  5  6  7  8  9 10 11 12 13 |
---------------+----------------------------------------+-----
Long Blades    | 3 5 6 8 9 12 14 15 16 | 16.1
Dodging        | 5 10 | 10.4
Air Magic      | 3 8 |  8.2
Armour         | 3 7 |  7.2
Evocations     | 2 |  2.5
Invocations    | 6 |  6.2
Translocations | 4 |  4.9
Spellcasting   | 4 |  4.3
Fighting       | 5 |  5.6
Axes           | |  0.1
Staves         | |  0.1
Ranged Weapons | |  0.1
Throwing       | |  1.0
Shields        | |  0.1
Conjurations   | |  0.5
Summonings     | |  0.1
Ice Magic      | |  0.5
Poison Magic   | |  0.2

Action                     |  1- 3 |  4- 6 |  7- 9 | 10-12 | 13-15 || total
---------------------------+-------+-------+-------+-------+-------++-------
  Melee: Falchion          |    98 |    56 |   243 |       |       ||   397
         Peck              |     8 |     5 |    75 |   211 |    33 ||   332
         Kick              |    15 |    17 |   119 |   298 |    47 ||   496
         Punch             |       |       |     5 |     6 |       ||    11
         Scimitar          |       |       |    94 |   698 |       ||   792
         Great sword       |       |       |       |   116 |   148 ||   264
  Throw: Throwing net      |     1 |       |       |       |       ||     1
         Javelin           |       |     8 |     2 |     5 |       ||    15
         Boomerang         |       |     2 |       |       |       ||     2
         Dart              |       |       |       |     2 |       ||     2
   Cast: Blink             |       |       |       |     2 |       ||     2
         Vhi's Electric Ch |       |       |       |     8 |    16 ||    24
 Invoke: Grand Finale      |       |       |       |     1 |       ||     1
  Evoke: Wand              |       |       |       |    13 |       ||    13
    Use: Scroll            |     3 |       |     6 |    19 |     2 ||    30
         Potion            |       |       |     4 |     3 |     1 ||     8
   Stab: Held in net/web   |     2 |       |       |       |       ||     2
         Sleeping          |       |     1 |     3 |     9 |       ||    13
         Paralysed         |       |       |    11 |    53 |     8 ||    72
         Distracted        |       |       |       |     1 |       ||     1
 Armour: Leather armour    |    37 |    20 |   112 |   128 |       ||   297
         Chain mail        |       |       |       |   128 |       ||   128
         Steam dragon scal |       |       |       |    46 |       ||    46
         Acid dragon scale |       |       |       |    10 |    31 ||    41
  Dodge: Dodged            |    69 |    52 |   279 |   648 |   139 ||  1187

Table legend: (Time is in decaauts)
 A = Elapsed time spent in this place.
 B = Non-inter-level travel time spent in this place.
 C = Inter-level travel time spent in this place.
 D = Time resting spent in this place.
 E = Time spent auto-exploring this place.
 F = Levels seen in this place.
 G = Mean time per level.
                   A        B        C        D        E       F      G
               +--------+--------+--------+--------+--------+-----+--------+
         Total |  14388 |  13540 |    848 |   1790 |   7776 |  17 |  846.4 |
       Dungeon |  10002 |   9239 |    763 |    752 |   5744 |  11 |  909.3 |
        Temple |     35 |     35 |      0 |      0 |      5 |   1 |   35.0 |
          Lair |   1642 |   1591 |     51 |     48 |   1115 |   2 |  821.0 |
  Orcish Mines |   2096 |   2062 |     34 |    814 |    751 |   2 | 1048.0 |
      Gauntlet |    612 |    612 |      0 |    174 |    160 |   1 |  612.0 |
               +--------+--------+--------+--------+--------+-----+--------+

Top non-repeatable levels by time:
   Orc:1: 1443 daAuts
     D:3: 1268 daAuts
    D:11: 1157 daAuts
     D:4: 1132 daAuts
     D:5: 1057 daAuts
     D:2: 1047 daAuts
     D:6: 921 daAuts
  Lair:1: 833 daAuts
     D:1: 823 daAuts
  Lair:2: 808 daAuts
     D:7: 799 daAuts
     D:9: 679 daAuts
   Orc:2: 652 daAuts
Gauntlet: 612 daAuts
     D:8: 558 daAuts
